 Dungeon Crawl Stone Soup version 0.23-a0-386-g9c9d49f (webtiles) character file.

30 Firecrotchwizard the Cudgeler (level 3, -8/28 HPs)
             Began as a Demonspawn Gladiator on Oct 28, 2018.
             Mangled by a goblin
             ... wielding a +1 dagger of electrocution
              (19 damage)
             ... on level 1 of the Dungeon.
             The game lasted 00:01:02 (460 turns).

Firecrotchwizard the Cudgeler (Demonspawn Gladiator) Turns: 460, Time: 00:01:03

Health: -8/28      AC:  8    Str: 15    XL:     3   Next: 5%
Magic:  3/3        EV: 12    Int:  9    God:
Gold:   26         SH:  0    Dex: 14    Spells: 2/2 levels left

rFire    . . .     SeeInvis .   a - +0 flail
rCold    . . .     Gourm    .   (no shield)
rNeg     . . .     Faith    .   e - +0 ring mail
rPois    .         Spirit   .   c - +0 helmet
rElec    .         Reflect  .   (no cloak)
rCorr    .         Harm     .   (no gloves)
MR       .....                  (no boots)
Stlth    +.........             (no amulet)
HPRegen  0.09/turn              (no ring)
MPRegen  0.08/turn              (no ring)

@: no status effects
A: slimy green scales 1
a: no special abilities


You were on level 1 of the Dungeon.
You were not hungry.

You visited 1 branch of the dungeon, and saw 1 of its levels.

You collected 26 gold pieces.

Inventory:

Hand Weapons
 a - a +0 flail (weapon)
Missiles
 d - 3 throwing nets {=f, !d}
Armour
 b - a +0 leather armour
 c - a +0 helmet (worn)
 e - a +0 ring mail (worn)
   (You found it on level 1 of the Dungeon)
Scrolls
 h - 2 scrolls of amnesia {unknown}
 i - a scroll of fear {unknown}
 j - a scroll of enchant armour {unknown}
Comestibles
 f - 2 rations


   Skills:
 + Level 2.4 Fighting
 * Level 3.3 Maces & Flails
 - Level 1.7 Throwing
 + Level 3.0 Dodging


You had 2 spell levels left.
You didn't know any spells.
Your spell library was empty.

Dungeon Overview and Level Annotations

Branches:
Dungeon (1/15)

Altars:


Innate Abilities, Weirdness & Mutations

You are partially covered in slimy green scales. (AC +2)


Message History

The kobold shouts!
There are monsters nearby!
There are monsters nearby!
You thump the kobold!
You kill the kobold!
The gnoll hits you but does no damage.
You sock the gnoll! The gnoll hits you with a +0 club.
Some of the chunks of flesh in your inventory have rotted away.
You take 5 damage, and have 17/22 hp.
MASSIVE DAMAGE!!
You barely miss the gnoll. The gnoll closely misses you.
You hit the gnoll.
You kill the gnoll!
Your Dodging skill increases to level 3!
No target in view!
You start resting.
Some of the chunks of flesh in your inventory have rotted away. x2
Health restored: 23
Found a stone staircase leading down.
h - 2 scrolls labeled ITUZAS ETHRUA (gained 1)
There is a stone staircase leading down here.
j - a scroll labeled HIGERR ROONAO Some of the chunks of flesh in your inventory have rotted away.
A hobgoblin comes into view. It is wielding a -2 club.
The hobgoblin shouts!
A hobgoblin is nearby!
A hobgoblin comes into view.
The hobgoblin misses you.
You barely miss the hobgoblin.
The hobgoblin hits you but does no damage.
You hit the hobgoblin. The hobgoblin barely misses you.
You closely miss the hobgoblin. The hobgoblin completely misses you.
The hobgoblin barely misses you. The hobgoblin closely misses you.
You sock the hobgoblin!
You kill the hobgoblin!
The hobgoblin closely misses you.
You sock the hobgoblin!
You kill the hobgoblin!
No target in view!
A kobold comes into view. It is wielding a +0 short sword.
The kobold throws a stone.
The stone hits you but does no damage.
You see here a stone.
A kobold is nearby!
A kobold is nearby!
A kobold is nearby!
The kobold throws a stone.
The stone hits you but does no damage.
You see here a stone.
The kobold throws a stone.
The stone completely misses you.
You barely miss the kobold. The kobold closely misses you.
You closely miss the kobold.
The kobold hits you with a +0 short sword.
All of the chunks of flesh in your inventory have rotted away.
You take 3 damage, and have 20/23 hp.
You sock the kobold!
You kill the kobold!
You have reached level 3!
Your experience leads to an increase in your attributes!
Increase (S)trength, (I)ntelligence, or (D)exterity?
You feel stronger.
You regained 5 hp, and now have 25/28 hp.
MP restored: 3
Things that are here:
a +0 short sword; a kobold corpse You see here a stone.
f - 2 rations (gained 1)
A bat comes into view.
A bat is nearby!
A bat is nearby!
You miss the bat. The bat misses you.
You sock the bat!
You kill the bat!
No target in view!
You see here a stone.
Things that are here:
a +0 short sword; a kobold corpse A goblin and a dart slug come into view.
The goblin is wielding a +1 dagger of electrocution.
The goblin shouts!
Health restored: 28
There are monsters nearby!
There are monsters nearby!
The goblin closely misses you.
You barely miss the goblin. The goblin hits you but does no damage.
A rat comes into view.
You closely miss the goblin. The goblin hits you but does no damage.
You completely miss the goblin.
The goblin hits you with a +1 dagger of electrocution.
You take 1 damage, and have 27/28 hp.
You barely miss the goblin.
The goblin hits you but does no damage. x2
You hit the dart slug but do no damage. The dart slug launches a dart at you.
The slug dart misses you. The goblin hits you but does no damage.
You are electrocuted!
Ouch! That really hurt!
You take 16 damage, and have 11/28 hp.
MASSIVE DAMAGE!!
You closely miss the goblin. The goblin hits you but does no damage.
You are electrocuted!
Ouch! That really hurt!
You die...

####### #.....#
#####.....#
#.........#
###.###.....#
#...........#
#.#.##.##.###
..##.###.#.##.##.#
.....rg@...##.##.#
.#######w####.##.#
..... #.##.##
..........##..#
#.......######.#
#.......# #.#
#......(# ##.##
#.......# #...#
#...#


You could see a dart slug, a goblin and a rat.

Vanquished Creatures
  A gnoll (D:1)
  A dart slug (D:1)
  A leopard gecko (D:1)
  5 hobgoblins (D:1)
  A ball python (D:1)
  2 bats (D:1)
  5 kobolds (D:1)
  2 rats (D:1)
18 creatures vanquished.

Notes
Turn   | Place    | Note
-------+----------+-------------------------------------------
     0 | D:1      | Firecrotchwizard the Demonspawn Gladiator began the quest
                  | for the Orb.
     0 | D:1      | Reached XP level 1. HP: 16/16 MP: 1/1
     4 | D:1      | Noticed an electric eel
    97 | D:1      | Reached skill level 3 in Maces & Flails
    97 | D:1      | Gained mutation: You are partially covered in slimy green
                  | scales. (AC +2) [demonic ancestry]
    97 | D:1      | Reached XP level 2. HP: 17/22 MP: 2/2
   254 | D:1      | Reached skill level 3 in Dodging
   404 | D:1      | Reached XP level 3. HP: 25/28 MP: 3/3
   460 | D:1      | Mangled by a goblin

Vault maps used:
D:1:      arrival_aquarium_a

Skill      XL: |  1  2 |
---------------+-------+-----
Maces & Flails | 3 |  3.3
Dodging        | 3 |  3.0
Fighting       | |  2.4
Throwing       | |  1.7

Action                   || total
-------------------------++-------
Melee: Flail             ||    47
Armor: Ring mail         ||    14
       Leather armour    ||     1
Dodge: Dodged            ||    33

Table legend:
 A = Non-vault XP
 B = Vault XP
 C = Vault XP percentage of total XP
 D = Non-vault monster count
 E = Vault monster count
 F = Vault count percentage of total count
                 A         B        C        D         E       F
            +---------+---------+-------+---------+---------+-------
      Total |      44 |       0 |   0.0 |      18 |       0 |   0.0
            +---------+---------+-------+---------+---------+-------
        D:1 |      44 |       0 |   0.0 |      18 |       0 |   0.0
            +---------+---------+-------+---------+---------+-------

Vault maps used:
D:1:      arrival_aquarium_a

Table legend:
 A = Turns spent in this place as a percentage of turns spent in the entire game.
 B = Non-inter-level travel turns spent in this place as a percentage of non-inter-level travel turns spent in the entire game.
 C = Inter-level travel turns spent in this place as a percentage of turns spent in this place.
 D = Turns resting spent in this place as a percentage of non-inter-level travel turns spent in this place.
 E = Turns spent auto-exploring this place as a percentage of non-inter-level travel turns spent in this place.
 F = Non-inter-level travel turns spent in this place divided by the number of levels of this place that you've seen.
                   A       B       C       D       E      F
               +-------+-------+-------+-------+-------+----------------------
         Total | 100.0 | 100.0 |   0.0 |  26.1 |  45.2 | 460.0
       Dungeon | 100.0 | 100.0 |   0.0 |  26.1 |  45.2 | 460.0
               +-------+-------+-------+-------+-------+----------------------

Table legend:
 A = Kills in this place as a percentage of kills in entire the game.
 B = Kills by you in this place as a percentage of kills by you in the entire game.
 C = Kills by friends in this place as a percentage of kills by friends in the entire game.
 D = Other kills in this place as a percentage of other kills in the entire game.
 E = Experience gained in this place as a percentage of experience gained in the entire game.
 F = Experience gained in this place divided by the number of levels of this place that you have seen.
                   A       B       C       D       E      F
               +-------+-------+-------+-------+-------+----------------------
         Total | 100.0 | 100.0 |   N/A |   N/A | 100.0 |  44.0
       Dungeon | 100.0 | 100.0 |   N/A |   N/A | 100.0 |  44.0
               +-------+-------+-------+-------+-------+----------------------
